 Dungeon Crawl Stone Soup version 0.28-a0-577-gb193047a1f (webtiles) character file.

Game seed: 7509241121380979384

11 heikuro the Vexing (level 2, 0/23 HPs)
             Began as a Gnoll Arcane Marksman on Oct 2, 2021.
             Was a Follower of Qazlal.
             Slain by a jackal (3 damage)
             ... on level 1 of the Dungeon.
             The game lasted 00:02:18 (566 turns).

heikuro the Vexing (Gnoll Arcane Marksman)           Turns: 566, Time: 00:02:19

Health: 0/23       AC:  2    Str:  9    XL:     2   Next: 29%
Magic:  5/5        EV: 13    Int: 12    God:    Qazlal [*.....]
Gold:   33         SH:  1    Dex: 12    Spells: 6/6 levels left

rFire   . . .      SeeInvis .   f - staff of earth
rCold   . . .      Faith    .   (no shield)
rNeg    . . .      Spirit   .   a - +0 robe
rPois   .          Reflect  .   (no helmet)
rElec   .          Harm     .   (no cloak)
rCorr   .          Rampage  .   (no gloves)
Will    .....                   (no boots)
Stlth   +.........              (no amulet)
HPRegen 0.07/turn               (no ring)
MPRegen 0.09/turn               (no ring)

@: no status effects
A: fangs 1, strong nose, distributed training
a: Renounce Religion


You were on level 1 of the Dungeon.
You worshipped Qazlal.
Qazlal was aware of your devotion.
You visited 1 branch of the dungeon, and saw 1 of its levels.

You collected 33 gold pieces.

Inventory:

Missiles
 b - 5 javelins
 c - 2 throwing nets
 e - 42 stones (quivered)
Armour
 a - a +0 robe (worn)
Magical Staves
 f - a staff of earth (weapon)
Scrolls
 d - a scroll of fog {unknown}
 g - a scroll of immolation {unknown}
 h - a scroll of fear {unknown}
Potions
 i - a potion of attraction {unknown}


   Skills:
 + Level 2.4 Fighting
 + Level 0.3 Short Blades
 + Level 0.3 Long Blades
 + Level 0.3 Axes
 + Level 0.3 Maces & Flails
 + Level 0.3 Polearms
 + Level 0.3 Staves
 + Level 0.3 Slings
 + Level 0.3 Bows
 + Level 0.3 Crossbows
 + Level 4.4 Throwing
 + Level 0.3 Armour
 + Level 4.4 Dodging
 + Level 0.3 Stealth
 + Level 0.3 Shields
 + Level 0.3 Unarmed Combat
 + Level 2.7 Spellcasting
 + Level 0.2 Conjurations
 + Level 5.3 Hexes
 + Level 0.2 Summonings
 + Level 0.2 Necromancy
 + Level 0.2 Translocations
 + Level 0.2 Transmutations
 + Level 0.2 Fire Magic
 + Level 0.2 Ice Magic
 + Level 0.2 Air Magic
 + Level 0.2 Earth Magic
 + Level 0.2 Poison Magic
 + Level 0.4 Invocations
 + Level 0.3 Evocations


You had 6 spell levels left.
You didn't know any spells.
Your spell library contained the following spells:

 Spells                   Type           Power      Damage    Failure   Level
 Slow                     Hex            14%        N/A       4%          2
 Inner Flame              Hex/Fire       8%         N/A       24%         3
 Portal Projectile        Hex/Tloc       16%        N/A       24%         3
 Cause Fear               Hex            7%         N/A       28%         4


Dungeon Overview and Level Annotations

Branches:
Dungeon (1/15)

Altars:
Qazlal


Innate Abilities, Weirdness & Mutations

You have very sharp teeth.
Your uncanny sense of smell can sniff out nearby items.
Your experience applies equally to all skills.


Message History

The jackal misses you. The jackal bites you. The hobgoblin barely misses you.
You hit the jackal.
The jackal is heavily wounded.
The jackal closely misses you. The hobgoblin barely misses you.
You hit the jackal.
You kill the jackal!
Qazlal accepts your kill. The hobgoblin barely misses you.
The jackal barely misses you.
You hit the jackal but do no damage. The hobgoblin misses you.
The jackal closely misses you.
You hit the jackal but do no damage. The jackal closely misses you.
The hobgoblin barely misses you.
The jackal bites you but does no damage.
The hobgoblin barely misses you.
You hit the jackal but do no damage. The jackal closely misses you.
The hobgoblin misses you. The jackal bites you.
You hit the jackal but do no damage. You bite the jackal, but do no damage.
The jackal misses you. The hobgoblin closely misses you.
You hit the jackal but do no damage. The jackal barely misses you.
The hobgoblin completely misses you. The jackal bites you.
You hit the jackal but do no damage. The jackal barely misses you.
The hobgoblin hits you. You block the jackal's attack.
You hit the jackal.
The jackal is moderately wounded.
The hobgoblin hits you. The jackal completely misses you.
The hobgoblin closely misses you.
You hit the jackal.
The jackal is almost dead.
The jackal bites you.
* * * LOW HITPOINT WARNING * * *
The jackal misses you. The hobgoblin hits you.
* * * LOW HITPOINT WARNING * * *
Unknown command.
Unknown command.
You hit the jackal but do no damage.
The jackal is almost dead.
The jackal bites you.
* * * LOW HITPOINT WARNING * * *
The hobgoblin closely misses you. The jackal bites you.
You die...

.# # #.# #. #.#
####.####.#
.....h....#######
..w...h..........
# #..........
..###.###.........
.....wg@hh...>....
..###.###.........
#+##
#.#....##.####
...# #.#.......#
...# #.#.....#.#
...# #.###.#.# #
...#
#####...†.#...
...#
#.......#.##..#
...####
##.##...### ..#


You could see a dart slug, 2 jackals and a hobgoblin.

Vanquished Creatures
  A dart slug (D:1)
  A giant cockroach (D:1)
  A goblin (D:1)
  2 hobgoblins (D:1)
  A jackal (D:1)
  A ball python (D:1)
  2 bats (D:1)
9 creatures vanquished.

Notes
Turn   | Place    | Note
-------+----------+-------------------------------------------
     0 | D:1      | heikuro the Gnoll Arcane Marksman began the quest for the
                  | Orb.
     0 | D:1      | Reached XP level 1. HP: 17/17 MP: 4/4
   257 | D:1      | Found a faded altar of an unknown god.
   277 | D:1      | Reached XP level 2. HP: 15/23 MP: 5/5
   290 | D:1      | Became a worshipper of Qazlal Stormbringer
   290 | D:1      | Reached * piety under Qazlal
   566 | D:1      | Slain by a jackal

Illustrated notes

Levels and vault maps discovered:
D:1:      dpeg_arrival_castle, layout_basic,
          ebering_ecumenical_altar_sacrificial

Action                   || total
-------------------------++-------
Melee: Staff             ||    38
       Bite              ||     4
Throw: Javelin           ||     6
       Stone             ||     7
Armor: Robe              ||    10
Dodge: Dodged            ||    48
Block: Other             ||     2

Table legend: (Time is in decaauts)
 A = Elapsed time spent in this place.
 B = Non-inter-level travel time spent in this place.
 C = Inter-level travel time spent in this place.
 D = Time resting spent in this place.
 E = Time spent auto-exploring this place.
 F = Levels seen in this place.
 G = Mean time per level.
                   A        B        C        D        E       F      G
               +--------+--------+--------+--------+--------+-----+--------+
         Total |    580 |    547 |     33 |    143 |    120 |   1 |  580.0 |
       Dungeon |    580 |    547 |     33 |    143 |    120 |   1 |  580.0 |
               +--------+--------+--------+--------+--------+-----+--------+

Top non-repeatable levels by time:
     D:1: 580 daAuts
